Hurricanes vs Flames

Created - 28 novembre 2021 at 17:09

Goals
1 2 3 T
Hurricanes 1 1 2 4
Flames 0 1 0 1
Shots
1 2 3 T
Hurricanes 12 6 19 37
Flames 14 13 13 40

GoalsPenalties
1st period
1. Hurricanes , Victor Rask 3 (Josh Bailey 8, Quinn Hughes 12) at 4:26
Noah Hanifin (CAL) for Roughing (Minor) at 7:17
Kevin Rooney (CAL) for Holding (Minor) at 11:23
Andrew Mangiapane (CAL) for Slashing (Minor) at 19:09
2nd period
2. Hurricanes , Sonny Milano 1 (Josh Bailey 9, Victor Rask 3) at 15:09
3. Flames , Marco Scandella 1 (Anze Kopitar 8, Matthew Tkachuk 4) at 17:49
Elias Lindholm (CAL) for Hooking (Minor) at 12:15
Rasmus Andersson (CAL) for Goalie Interference (Minor) at 18:59
3rd period
4. Hurricanes , Nikita Gusev 2 (Quinn Hughes 13, Josh Bailey 10) at 8:44 (PP)
5. Hurricanes , Darren Helm 5 (Ryan Murray 3, Markus Nutivaara 6) at 16:09 (PP)
Patrik Laine (CAL) for Hooking (Minor) at 7:53
Kevin Rooney (CAL) for Holding (Minor) at 15:17
Zach Bogosian (CAR) for Hooking (Minor) at 19:12
Goalie Stats
Joonas Korpisalo (CAR), 39 saves from 40 shots - (0,975), W, 5-10-2, 60:00 minutes
Mackenzie Blackwood (CAL), 33 saves from 37 shots - (0,892), L, 7-3-2, 60:00 minutes
3 StarsOfficial
1 - Joonas Korpisalo (CAR)
2 - Victor Rask (CAR)
3 - Josh Bailey (CAR)
Referees : Chris Lee and Dennis LaRue
Linesman : Pierre Racicot and Shane Heyer
Game Note
No Game Note
Finance
Level 1 -- Attendance: 3621 (72,42%) -- Ticket Income 362 100 $
Level 2 -- Attendance: 2343 (58,58%) -- Ticket Income 187 440 $
Level 3 -- Attendance: 1539 (51,30%) -- Ticket Income 92 340 $
Level 4 -- Attendance: 1800 (45,00%) -- Ticket Income 72 000 $
Luxury Box -- Attendance: 718 (71,80%) -- Ticket Income 143 600 $
Game was played at the ScotiaBank Saddledome.
Total Attendance: 10021 (58,95%)
Total Ticket Income: 857 480 $
Other Income: 420 165 $
Total Income: 1 277 645 $



Team Name Goals Shots Shots Attemp Shots Blocked PIM HIT PP PK FO%
Hurricanes 4378082162 / 7 (29%)045%
Flames 140731614310 / 1 (0%)255%

Hurricanes
Player Name POS G A P +/- PIM HIT SHT SB MP PP MP PP SHT PK MP PK SHT FO% FOT
Alexis LafreniereLW0000003122:016:3510:28050% 2
Andrew CoglianoC/LW0000002013:330:0000:00039% 23
Andrew ShawC/LW/RW000000000:000:0000:0000% 0
Brian BoyleC/LW000-1030019:265:0300:1900% 0
Chris WagnerC/LW/RW0000012113:330:0000:00075% 4
Curtis LazarC/RW0000003013:330:0000:0000% 1
Darren HelmC/LW1010033021:336:3530:000100% 1
Josh BaileyC/LW/RW0331004024:265:0300:19040% 25
Leo KomarovC/LW/RW0000013121:336:3520:00044% 32
Markus NutivaaraD0111020123:136:1700:2000% 0
Moritz SeiderD0000001112:280:0000:0000% 0
Neal PionkD0000011124:195:2100:2700% 0
Nikita GusevLW/RW101-1012019:355:0320:28033% 3
Quinn HughesD0220004124:195:2130:2700% 0
Ryan MurrayD0111023123:136:1720:2000% 0
Sonny MilanoLW/RW101200205:000:0000:0000% 0
Victor RaskC112200305:000:0000:00064% 11
Zach BogosianD0000221012:270:0000:0000% 0
Flames
Player Name POS G A P +/- PIM HIT SHT SB MP PP MP PP SHT PK MP PK SHT FO% FOT
Andrew CoppC/LW0000004017:290:2705:35022% 9
Andrew MangiapaneLW/RW000-2202010:370:2800:5600% 1
Anze KopitarC0111003013:440:1900:00063% 19
Ben ChiarotD000-1081222:460:0005:5400% 0
Christopher TanevD0001001521:530:2015:4400% 0
Derek StepanC000-2031115:170:0006:03046% 24
Elias LindholmC/RW0000205113:560:2800:00058% 24
Erik GudbransonD000-1020222:090:0005:5400% 0
Evander KaneLW/RW0000035018:120:0006:45180% 5
Kevin RooneyC/LW000-2440013:090:0003:570100% 1
Marco ScandellaD1011061121:530:2005:4400% 0
Matthew TkachukLW/RW0111022113:440:1900:0000% 0
Mikael BacklundC/RW0000010011:270:0000:00069% 16
Noah HanifinD000-1200015:300:0000:0000% 0
Patrik LaineLW/RW0000203013:280:0000:000100% 1
Paul StastnyC/LW0001006013:440:1900:0000% 1
Rasmus AnderssonD000-1212315:200:2700:0000% 0
Ryan Nugent-HopkinsC/LW0000014013:570:2810:0000% 1

Hurricanes

5 vs 5 Forward
Line #Left WingCenterRight WingPHYDFOFWanted %Time %Time Play
1Brian BoyleJosh BaileyNikita Gusev1223030%14:04
2Alexis LafreniereLeo KomarovDarren Helm1223031%14:58
3Chris WagnerAndrew CoglianoCurtis Lazar1222428%13:33
4Sonny MilanoVictor RaskJosh Bailey1221611%5:00
5 vs 5 Defense
Line #DefenseDefensePHYDFOFWanted %Time %Time Play
1Neal PionkQuinn Hughes1223027%13:01
2Ryan MurrayMarkus Nutivaara1223035%16:36
3Zach BogosianMoritz Seider1222426%12:28
4Neal PionkQuinn Hughes1221612%5:30
Power Play Forward
Line #Left WingCenterRight WingPHYDFOFWanted %Time %Time Play
1Brian BoyleJosh BaileyNikita Gusev1225043%5:03
2Alexis LafreniereLeo KomarovDarren Helm1225057%6:35
Power Play Defense
Line #DefenseDefensePHYDFOFWanted %Time %Time Play
1Neal PionkQuinn Hughes1225046%5:21
2Ryan MurrayMarkus Nutivaara1225054%6:17
Penalty Kill 4 Players Forward
Line #CenterWingPHYDFOFWanted %Time %Time Play
1Josh BaileyBrian Boyle1225040%0:19
2Nikita GusevAlexis Lafreniere1225060%0:28
Penalty Kill 4 Players Defense
Line #DefenseDefensePHYDFOFWanted %Time %Time Play
1Neal PionkQuinn Hughes1225057%0:27
2Ryan MurrayMarkus Nutivaara1225043%0:20
Penalty Kill 3 Players
Line #WingPHYDFOFWanted %Time %Time PlayDefenseDefensePHYDFOFWanted %Time %Time Play
1Josh Bailey122500%0:00 Neal PionkQuinn Hughes122500%0:00
2Brian Boyle122500%0:00 Ryan MurrayMarkus Nutivaara122500%0:00
4 vs 4 Forward
Line #CenterWingPHYDFOFWanted %Time %Time Play
1Josh BaileyBrian Boyle122500%0:00
2Nikita GusevAlexis Lafreniere122500%0:00
4 vs 4 Defense
Line #DefensePHYDFOFWanted %Time %Time Play
1Neal PionkQuinn Hughes122500%0:00
2Ryan MurrayMarkus Nutivaara122500%0:00
Last Minutes Offensive
Left WingCenterRight WingDefenseDefense
Brian BoyleJosh BaileyNikita GusevNeal PionkQuinn Hughes
Last Minutes Defensive
Left WingCenterRight WingDefenseDefense
Brian BoyleJosh BaileyNikita GusevNeal PionkQuinn Hughes
Time
Total ForwardTotal DefenseLast Minutes OffensiveLast Minutes Defensive
60:00 60:00 0:000:00
Extra Forwards
Normal PowerPlayPenalty Kill
Darren Helm, Andrew Cogliano, Chris WagnerDarren Helm, Andrew CoglianoChris Wagner
Extra Defensemen
Normal PowerPlayPenalty Kill
Zach Bogosian, Moritz Seider, Ryan MurrayZach Bogosian, Moritz SeiderRyan Murray
Penalty Shots
Josh Bailey, Brian Boyle, Nikita Gusev, Alexis Lafreniere, Leo Komarov
Goalie
Joonas Korpisalo, Alex Stalock
Custom OT Lines Forwards
Josh Bailey, Brian Boyle, Nikita Gusev, Alexis Lafreniere, Leo Komarov, Darren Helm, Andrew Cogliano, Chris Wagner, Curtis Lazar, Victor Rask
Custom OT Lines Defensemen
Neal Pionk, Quinn Hughes, Ryan Murray, Markus Nutivaara, Zach Bogosian
Scratches
Kyle Rau (Healthy), Danton Heinen (Healthy), Cory Schneider (Healthy)

Flames

5 vs 5 Forward
Line #Left WingCenterRight WingPHYDFOFWanted %Time %Time Play
1Ryan Nugent-HopkinsElias LindholmPatrik Laine1222728%13:29
2Paul StastnyAnze KopitarMatthew Tkachuk1222728%13:25
3Andrew CoppMikael BacklundEvander Kane1222524%11:27
4Kevin RooneyDerek StepanAndrew Mangiapane1222119%9:14
5 vs 5 Defense
Line #DefenseDefensePHYDFOFWanted %Time %Time Play
1Marco ScandellaChristopher Tanev1223433%15:49
2Noah HanifinRasmus Andersson1223331%14:54
3Ben ChiarotErik Gudbranson1223334%16:15
4Ben ChiarotNoah Hanifin12201%0:37
Power Play Forward
Line #Left WingCenterRight WingPHYDFOFWanted %Time %Time Play
1Paul StastnyAnze KopitarMatthew Tkachuk0145540%0:19
2Ryan Nugent-HopkinsElias LindholmAndrew Mangiapane0144560%0:28
Power Play Defense
Line #DefenseDefensePHYDFOFWanted %Time %Time Play
1Marco ScandellaChristopher Tanev0145043%0:20
2Andrew CoppRasmus Andersson0145057%0:27
Penalty Kill 4 Players Forward
Line #CenterWingPHYDFOFWanted %Time %Time Play
1Andrew CoppEvander Kane1315048%5:35
2Derek StepanKevin Rooney1315052%6:03
Penalty Kill 4 Players Defense
Line #DefenseDefensePHYDFOFWanted %Time %Time Play
1Marco ScandellaChristopher Tanev1315549%5:44
2Ben ChiarotErik Gudbranson1314551%5:54
Penalty Kill 3 Players
Line #WingPHYDFOFWanted %Time %Time PlayDefenseDefensePHYDFOFWanted %Time %Time Play
1Andrew Copp140500%0:00 Christopher TanevErik Gudbranson140500%0:00
2Elias Lindholm140500%0:00 Marco ScandellaBen Chiarot140500%0:00
4 vs 4 Forward
Line #CenterWingPHYDFOFWanted %Time %Time Play
1Elias LindholmRyan Nugent-Hopkins122500%0:00
2Anze KopitarMatthew Tkachuk122500%0:00
4 vs 4 Defense
Line #DefensePHYDFOFWanted %Time %Time Play
1Noah HanifinRasmus Andersson122500%0:00
2Marco ScandellaChristopher Tanev122500%0:00
Last Minutes Offensive
Left WingCenterRight WingDefenseDefense
Ryan Nugent-HopkinsAnze KopitarElias LindholmChristopher TanevRasmus Andersson
Last Minutes Defensive
Left WingCenterRight WingDefenseDefense
Andrew CoppDerek StepanElias LindholmMarco ScandellaChristopher Tanev
Time
Total ForwardTotal DefenseLast Minutes OffensiveLast Minutes Defensive
60:00 60:00 0:000:00
Extra Forwards
Normal PowerPlayPenalty Kill
Patrik Laine, Elias Lindholm, Anze KopitarPatrik Laine, Evander KaneEvander Kane
Extra Defensemen
Normal PowerPlayPenalty Kill
Rasmus Andersson, Christopher Tanev, Noah HanifinNoah Hanifin, Noah HanifinRasmus Andersson
Penalty Shots
Patrik Laine, Anze Kopitar, Ryan Nugent-Hopkins, Elias Lindholm, Matthew Tkachuk
Goalie
Mackenzie Blackwood, Casey DeSmith
Custom OT Lines Forwards
Elias Lindholm, Ryan Nugent-Hopkins, Anze Kopitar, Paul Stastny, Mikael Backlund, Andrew Copp, Matthew Tkachuk, Evander Kane, Derek Stepan, Andrew Mangiapane
Custom OT Lines Defensemen
Christopher Tanev, Rasmus Andersson, Marco Scandella, Noah Hanifin, Erik Gudbranson
Scratches
Korbinian Holzer (Healthy), Kyle Palmieri (Healthy), Jake McCabe (Healthy)


Play-by-Play

1st period


0:01 of 1st period - Elias Lindholm wins face-off versus Josh Bailey in neutral zone.
0:03 of 1st period - Off-side.
0:04 of 1st period - Anze Kopitar wins face-off versus Leo Komarov in neutral zone.
0:23 of 1st period - Shot by Matthew Tkachuk.
0:23 of 1st period - Shot Misses the Net.
0:32 of 1st period - Off-side.
0:33 of 1st period - Mikael Backlund wins face-off versus Chris Wagner in neutral zone.
0:40 of 1st period - Zach Bogosian is hit by Ben Chiarot.
0:46 of 1st period - Shot by Andrew Cogliano.
0:46 of 1st period - Shot Misses the Net.
0:48 of 1st period - Shot by Andrew Cogliano.
0:48 of 1st period - Stopped by Mackenzie Blackwood without a rebound.
0:49 of 1st period - Josh Bailey wins face-off versus Derek Stepan in Flames zone.
1:11 of 1st period - Shot by Josh Bailey.
1:11 of 1st period - Stopped by Mackenzie Blackwood without a rebound.
1:12 of 1st period - Elias Lindholm wins face-off versus Andrew Cogliano in Flames zone.
1:23 of 1st period - Shot by Elias Lindholm.
1:23 of 1st period - Shot Misses the Net.
1:25 of 1st period - Shot by Elias Lindholm.
1:25 of 1st period - Shot Blocked by Chris Wagner.
1:31 of 1st period - Shot by Ryan Nugent-Hopkins.
1:31 of 1st period - Deflect By Elias Lindholm.
1:31 of 1st period - Stopped by Joonas Korpisalo without a rebound.
1:32 of 1st period - Victor Rask wins face-off versus Andrew Copp in Hurricanes zone.
1:39 of 1st period - Icing by Marco Scandella.
1:40 of 1st period - Evander Kane wins face-off versus Victor Rask in Flames zone.
1:45 of 1st period - Shot by Evander Kane.
1:45 of 1st period - Stopped by Joonas Korpisalo without a rebound.
1:46 of 1st period - Elias Lindholm wins face-off versus Josh Bailey in Hurricanes zone.
2:07 of 1st period - Shot by Ryan Nugent-Hopkins.
2:07 of 1st period - Shot Blocked by Neal Pionk.
2:13 of 1st period - Shot by Ryan Nugent-Hopkins.
2:13 of 1st period - Shot Misses the Net.
2:27 of 1st period - Shot by Nikita Gusev.
2:27 of 1st period - Shot Blocked by Rasmus Andersson.
2:29 of 1st period - Shot by Josh Bailey.
2:29 of 1st period - Stopped by Mackenzie Blackwood without a rebound.
2:30 of 1st period - Leo Komarov wins face-off versus Anze Kopitar in Flames zone.
2:39 of 1st period - Shot by Paul Stastny.
2:39 of 1st period - Stopped by Joonas Korpisalo with a rebound.
2:41 of 1st period - Shot by Erik Gudbranson.
2:41 of 1st period - Shot Misses the Net.
2:43 of 1st period - Shot by Paul Stastny.
2:43 of 1st period - Shot Blocked by Ryan Murray.
3:14 of 1st period - Shot by Paul Stastny.
3:14 of 1st period - Stopped by Joonas Korpisalo with a rebound.
3:36 of 1st period - Shot by Evander Kane.
3:36 of 1st period - Shot Misses the Net.
4:24 of 1st period - Shot by Josh Bailey.
4:24 of 1st period - Shot Blocked by Derek Stepan.
4:26 of 1st period - Shot by Victor Rask.
4:26 of 1st period - Goal by Victor Rask - Hurricanes : 1 - Flames : 0.
4:27 of 1st period - Elias Lindholm wins face-off versus Andrew Cogliano in neutral zone.
5:03 of 1st period - Icing by Zach Bogosian.
5:04 of 1st period - Derek Stepan wins face-off versus Andrew Cogliano in Hurricanes zone.
5:05 of 1st period - Shot by Andrew Mangiapane.
5:05 of 1st period - Stopped by Joonas Korpisalo without a rebound.
5:06 of 1st period - Derek Stepan wins face-off versus Josh Bailey in Hurricanes zone.
5:09 of 1st period - Shot by Andrew Mangiapane.
5:09 of 1st period - Shot Misses the Net.
5:15 of 1st period - Shot by Neal Pionk.
5:15 of 1st period - Stopped by Mackenzie Blackwood without a rebound.
5:16 of 1st period - Anze Kopitar wins face-off versus Josh Bailey in Flames zone.
5:41 of 1st period - Icing by Christopher Tanev.
5:42 of 1st period - Andrew Cogliano wins face-off versus Anze Kopitar in Flames zone.
5:42 of 1st period - Moritz Seider is hit by Marco Scandella and loses puck.
6:04 of 1st period - Shot by Anze Kopitar.
6:04 of 1st period - Shot Misses the Net.
6:06 of 1st period - Shot by Anze Kopitar.
6:06 of 1st period - Stopped by Joonas Korpisalo without a rebound.
6:07 of 1st period - Josh Bailey wins face-off versus Derek Stepan in Hurricanes zone.
7:17 of 1st period - Minor Penalty to Noah Hanifin for Roughing.
7:18 of 1st period - Darren Helm wins face-off versus Andrew Copp in Flames zone.
7:19 of 1st period - Shot by Alexis Lafreniere.
7:19 of 1st period - Shot Misses the Net.
7:23 of 1st period - Shot by Leo Komarov.
7:23 of 1st period - Stopped by Mackenzie Blackwood without a rebound.
7:24 of 1st period - Leo Komarov wins face-off versus Andrew Copp in Flames zone.
7:24 of 1st period - Ryan Murray is hit by Marco Scandella and loses puck.
7:39 of 1st period - Shot by Alexis Lafreniere.
7:39 of 1st period - Stopped by Mackenzie Blackwood with a rebound.
8:21 of 1st period - Shot by Quinn Hughes.
8:21 of 1st period - Stopped by Mackenzie Blackwood without a rebound.
8:22 of 1st period - Andrew Copp wins face-off versus Josh Bailey in Flames zone.
9:05 of 1st period - Shot by Andrew Copp.
9:05 of 1st period - Deflect By Evander Kane.
9:05 of 1st period - Stopped by Joonas Korpisalo without a rebound.
9:06 of 1st period - Derek Stepan wins face-off versus Leo Komarov in Hurricanes zone.
9:52 of 1st period - Icing by Zach Bogosian.
9:53 of 1st period - Mikael Backlund wins face-off versus Andrew Cogliano in Hurricanes zone.
9:54 of 1st period - Shot by Andrew Copp.
9:54 of 1st period - Stopped by Joonas Korpisalo without a rebound.
9:55 of 1st period - Leo Komarov wins face-off versus Mikael Backlund in Hurricanes zone.
10:30 of 1st period - Shot by Evander Kane.
10:30 of 1st period - Stopped by Joonas Korpisalo with a rebound.
10:32 of 1st period - Shot by Evander Kane.
10:32 of 1st period - Shot Blocked by Alexis Lafreniere.
10:34 of 1st period - Shot by Andrew Copp.
10:34 of 1st period - Shot Misses the Net.
10:36 of 1st period - Shot by Ben Chiarot.
10:36 of 1st period - Stopped by Joonas Korpisalo without a rebound.
10:37 of 1st period - Anze Kopitar wins face-off versus Josh Bailey in Hurricanes zone.
11:19 of 1st period - Off-side.
11:20 of 1st period - Chris Wagner wins face-off versus Derek Stepan in neutral zone.
11:20 of 1st period - Chris Wagner is hit by Kevin Rooney.
11:23 of 1st period - Minor Penalty to Kevin Rooney for Holding.
11:24 of 1st period - Leo Komarov wins face-off versus Derek Stepan in Flames zone.
11:25 of 1st period - Shot by Quinn Hughes.
11:25 of 1st period - Stopped by Mackenzie Blackwood without a rebound.
11:26 of 1st period - Derek Stepan wins face-off versus Leo Komarov in Flames zone.
11:37 of 1st period - Shot by Quinn Hughes.
11:37 of 1st period - Shot Misses the Net.
11:39 of 1st period - Shot by Leo Komarov.
11:39 of 1st period - Shot Misses the Net.
12:08 of 1st period - Shot by Quinn Hughes.
12:08 of 1st period - Shot Misses the Net.
12:41 of 1st period - Shot by Markus Nutivaara.
12:41 of 1st period - Shot Misses the Net.
13:00 of 1st period - Andrew Mangiapane is hit by Ryan Murray.
13:08 of 1st period - Shot by Andrew Mangiapane.
13:08 of 1st period - Shot Misses the Net.
13:30 of 1st period - Shot by Curtis Lazar.
13:30 of 1st period - Stopped by Mackenzie Blackwood without a rebound.
13:31 of 1st period - Elias Lindholm wins face-off versus Andrew Cogliano in Flames zone.
14:02 of 1st period - Shot by Curtis Lazar.
14:02 of 1st period - Shot Misses the Net.
14:12 of 1st period - Shot by Curtis Lazar.
14:12 of 1st period - Stopped by Mackenzie Blackwood without a rebound.
14:13 of 1st period - Alexis Lafreniere wins face-off versus Mikael Backlund in Flames zone.
14:25 of 1st period - Off-side.
14:26 of 1st period - Anze Kopitar wins face-off versus Leo Komarov in neutral zone.
14:33 of 1st period - Shot by Matthew Tkachuk.
14:33 of 1st period - Shot Misses the Net.
14:39 of 1st period - Leo Komarov is hit by Matthew Tkachuk and loses puck.
15:35 of 1st period - Zach Bogosian is hit by Kevin Rooney and loses puck.
15:52 of 1st period - Christopher Tanev is hit by Darren Helm and loses puck.
16:19 of 1st period - Brian Boyle is hit by Evander Kane and loses puck.
16:39 of 1st period - Icing by Noah Hanifin.
16:40 of 1st period - Mikael Backlund wins face-off versus Andrew Cogliano in Flames zone.
16:45 of 1st period - Shot by Andrew Copp.
16:45 of 1st period - Deflect By Evander Kane.
16:45 of 1st period - Stopped by Joonas Korpisalo without a rebound.
16:46 of 1st period - Patrik Laine wins face-off versus Andrew Cogliano in Hurricanes zone.
16:49 of 1st period - Shot by Elias Lindholm.
16:49 of 1st period - Stopped by Joonas Korpisalo without a rebound.
16:50 of 1st period - Elias Lindholm wins face-off versus Andrew Cogliano in Hurricanes zone.
17:50 of 1st period - Icing by Elias Lindholm.
17:51 of 1st period - Victor Rask wins face-off versus Ryan Nugent-Hopkins in Flames zone.
18:05 of 1st period - Sonny Milano is hit by Ben Chiarot.
18:47 of 1st period - Shot by Paul Stastny.
18:47 of 1st period - Stopped by Joonas Korpisalo without a rebound.
18:48 of 1st period - Evander Kane wins face-off versus Leo Komarov in Hurricanes zone.
18:57 of 1st period - Shot by Evander Kane.
18:57 of 1st period - Shot Hit the Post.
18:59 of 1st period - Shot by Mikael Backlund.
18:59 of 1st period - Shot Blocked by Moritz Seider.
19:01 of 1st period - Shot by Andrew Copp.
19:01 of 1st period - Shot Misses the Net.
19:03 of 1st period - Shot by Andrew Copp.
19:03 of 1st period - Shot Misses the Net.
19:05 of 1st period - Shot by Andrew Copp.
19:05 of 1st period - Shot Misses the Net.
19:07 of 1st period - Shot by Evander Kane.
19:07 of 1st period - Stopped by Joonas Korpisalo without a rebound.
19:08 of 1st period - Chris Wagner wins face-off versus Derek Stepan in Hurricanes zone.
19:08 of 1st period - Chris Wagner is hit by Derek Stepan.
19:09 of 1st period - Minor Penalty to Andrew Mangiapane for Slashing.
19:10 of 1st period - Andrew Copp wins face-off versus Leo Komarov in Flames zone.
19:30 of 1st period - Shot by Quinn Hughes.
19:30 of 1st period - Shot Misses the Net.
19:32 of 1st period - Shot by Darren Helm.
19:32 of 1st period - Shot Misses the Net.
19:49 of 1st period - Shot by Quinn Hughes.
19:49 of 1st period - Stopped by Mackenzie Blackwood without a rebound.
19:50 of 1st period - Evander Kane wins face-off versus Josh Bailey in Flames zone.
19:59 of 1st period - Shot by Andrew Copp.
19:59 of 1st period - Shot Misses the Net.
Goals for this period are 1 for Hurricanes vs 0 for Flames.
Shots for this period are 12 for Hurricanes vs 14 for Flames.

2nd period


0:01 of 2nd period - Josh Bailey wins face-off versus Andrew Copp in neutral zone.
1:02 of 2nd period - Shot by Markus Nutivaara.
1:02 of 2nd period - Shot Misses the Net.
1:30 of 2nd period - Shot by Chris Wagner.
1:30 of 2nd period - Shot Misses the Net.
1:32 of 2nd period - Shot by Zach Bogosian.
1:32 of 2nd period - Stopped by Mackenzie Blackwood without a rebound.
1:33 of 2nd period - Evander Kane wins face-off versus Leo Komarov in Flames zone.
1:46 of 2nd period - Icing by Evander Kane.
1:47 of 2nd period - Andrew Cogliano wins face-off versus Mikael Backlund in Flames zone.
2:09 of 2nd period - Andrew Copp is hit by Neal Pionk and loses puck.
2:18 of 2nd period - Shot by Mikael Backlund.
2:18 of 2nd period - Deflect By Andrew Copp.
2:18 of 2nd period - Shot Misses the Net.
2:45 of 2nd period - Josh Bailey is hit by Marco Scandella.
3:28 of 2nd period - Derek Stepan is hit by Zach Bogosian and loses puck.
3:53 of 2nd period - Shot by Anze Kopitar.
3:53 of 2nd period - Stopped by Joonas Korpisalo with a rebound.
3:55 of 2nd period - Shot by Matthew Tkachuk.
3:55 of 2nd period - Stopped by Joonas Korpisalo without a rebound.
3:56 of 2nd period - Andrew Cogliano wins face-off versus Elias Lindholm in Hurricanes zone.
4:11 of 2nd period - Shot by Patrik Laine.
4:11 of 2nd period - Stopped by Joonas Korpisalo without a rebound.
4:12 of 2nd period - Anze Kopitar wins face-off versus Victor Rask in Hurricanes zone.
4:19 of 2nd period - Shot by Matthew Tkachuk.
4:19 of 2nd period - Deflect By Paul Stastny.
4:19 of 2nd period - Shot Misses the Net.
4:22 of 2nd period - Icing by Ryan Murray.
4:23 of 2nd period - Elias Lindholm wins face-off versus Victor Rask in Hurricanes zone.
4:23 of 2nd period - Elias Lindholm is hit by Markus Nutivaara.
4:27 of 2nd period - Shot by Elias Lindholm.
4:27 of 2nd period - Stopped by Joonas Korpisalo with a rebound.
4:50 of 2nd period - Sonny Milano is hit by Ben Chiarot.
4:52 of 2nd period - Shot by Victor Rask.
4:52 of 2nd period - Stopped by Mackenzie Blackwood with a rebound.
4:54 of 2nd period - Shot by Ryan Murray.
4:54 of 2nd period - Shot Misses the Net.
4:56 of 2nd period - Shot by Victor Rask.
4:56 of 2nd period - Stopped by Mackenzie Blackwood without a rebound.
4:57 of 2nd period - Anze Kopitar wins face-off versus Leo Komarov in Flames zone.
5:05 of 2nd period - Off-side.
5:06 of 2nd period - Anze Kopitar wins face-off versus Leo Komarov in neutral zone.
5:34 of 2nd period - Neal Pionk is hit by Marco Scandella and loses puck.
5:51 of 2nd period - Shot by Matthew Tkachuk.
5:51 of 2nd period - Stopped by Joonas Korpisalo with a rebound.
6:00 of 2nd period - Neal Pionk is hit by Rasmus Andersson and loses puck.
6:08 of 2nd period - Icing by Andrew Mangiapane.
6:09 of 2nd period - Derek Stepan wins face-off versus Nikita Gusev in Flames zone.
6:51 of 2nd period - Icing by Andrew Mangiapane.
6:52 of 2nd period - Chris Wagner wins face-off versus Derek Stepan in Flames zone.
6:58 of 2nd period - Icing by Rasmus Andersson.
6:59 of 2nd period - Andrew Cogliano wins face-off versus Derek Stepan in Flames zone.
7:06 of 2nd period - Shot by Derek Stepan.
7:06 of 2nd period - Stopped by Joonas Korpisalo without a rebound.
7:07 of 2nd period - Mikael Backlund wins face-off versus Curtis Lazar in Hurricanes zone.
7:20 of 2nd period - Shot by Mikael Backlund.
7:20 of 2nd period - Shot Misses the Net.
7:22 of 2nd period - Shot by Andrew Copp.
7:22 of 2nd period - Stopped by Joonas Korpisalo without a rebound.
7:23 of 2nd period - Anze Kopitar wins face-off versus Josh Bailey in Hurricanes zone.
7:43 of 2nd period - Josh Bailey is hit by Ben Chiarot and loses puck.
8:03 of 2nd period - Nikita Gusev is hit by Ben Chiarot and loses puck.
8:27 of 2nd period - Darren Helm is hit by Ben Chiarot and loses puck.
8:43 of 2nd period - Alexis Lafreniere is hit by Erik Gudbranson and loses puck.
8:47 of 2nd period - Alexis Lafreniere is hit by Ben Chiarot and loses puck.
9:07 of 2nd period - Off-side.
9:08 of 2nd period - Andrew Cogliano wins face-off versus Elias Lindholm in neutral zone.
9:18 of 2nd period - Christopher Tanev is hit by Zach Bogosian and loses puck.
9:30 of 2nd period - Icing by Christopher Tanev.
9:31 of 2nd period - Josh Bailey wins face-off versus Elias Lindholm in Flames zone.
9:59 of 2nd period - Ryan Nugent-Hopkins is hit by Ryan Murray and loses puck.
10:57 of 2nd period - Evander Kane is hit by Darren Helm and loses puck.
11:11 of 2nd period - Quinn Hughes is hit by Marco Scandella and loses puck.
11:15 of 2nd period - Icing by Andrew Mangiapane.
11:16 of 2nd period - Derek Stepan wins face-off versus Andrew Cogliano in Flames zone.
11:29 of 2nd period - Shot by Chris Wagner.
11:29 of 2nd period - Shot Misses the Net.
12:15 of 2nd period - Minor Penalty to Elias Lindholm for Hooking.
12:16 of 2nd period - Leo Komarov wins face-off versus Andrew Copp in Flames zone.
13:35 of 2nd period - Shot by Nikita Gusev.
13:35 of 2nd period - Stopped by Mackenzie Blackwood without a rebound.
13:36 of 2nd period - Josh Bailey wins face-off versus Derek Stepan in Flames zone.
14:29 of 2nd period - Shot by Chris Wagner.
14:29 of 2nd period - Shot Hit the Post.
14:47 of 2nd period - Shot by Rasmus Andersson.
14:47 of 2nd period - Stopped by Joonas Korpisalo without a rebound.
14:48 of 2nd period - Leo Komarov wins face-off versus Elias Lindholm in Hurricanes zone.
15:03 of 2nd period - Shot by Ryan Nugent-Hopkins.
15:03 of 2nd period - Stopped by Joonas Korpisalo without a rebound.
15:04 of 2nd period - Victor Rask wins face-off versus Derek Stepan in Hurricanes zone.
15:09 of 2nd period - Shot by Sonny Milano.
15:09 of 2nd period - Goal by Sonny Milano - Hurricanes : 2 - Flames : 0.
15:10 of 2nd period - Elias Lindholm wins face-off versus Leo Komarov in neutral zone.
15:33 of 2nd period - Shot by Elias Lindholm.
15:33 of 2nd period - Deflect By Patrik Laine.
15:33 of 2nd period - Stopped by Joonas Korpisalo without a rebound.
15:34 of 2nd period - Josh Bailey wins face-off versus Mikael Backlund in Hurricanes zone.
15:36 of 2nd period - Quinn Hughes is hit by Evander Kane and loses puck.
15:42 of 2nd period - Nikita Gusev is hit by Ben Chiarot and loses puck.
16:08 of 2nd period - Icing by Evander Kane.
16:09 of 2nd period - Mikael Backlund wins face-off versus Leo Komarov in Flames zone.
16:09 of 2nd period - Mikael Backlund is hit by Darren Helm.
16:24 of 2nd period - Mikael Backlund is hit by Markus Nutivaara and loses puck.
16:57 of 2nd period - Shot by Ryan Nugent-Hopkins.
16:57 of 2nd period - Shot Misses the Net.
16:59 of 2nd period - Shot by Elias Lindholm.
16:59 of 2nd period - Stopped by Joonas Korpisalo with a rebound.
17:13 of 2nd period - Shot by Rasmus Andersson.
17:13 of 2nd period - Stopped by Joonas Korpisalo without a rebound.
17:14 of 2nd period - Josh Bailey wins face-off versus Anze Kopitar in Hurricanes zone.
17:34 of 2nd period - Matthew Tkachuk is hit by Brian Boyle and loses puck.
17:47 of 2nd period - Shot by Anze Kopitar.
17:47 of 2nd period - Shot Blocked by Quinn Hughes.
17:49 of 2nd period - Shot by Marco Scandella.
17:49 of 2nd period - Goal by Marco Scandella - Hurricanes : 2 - Flames : 1.
17:50 of 2nd period - Andrew Cogliano wins face-off versus Elias Lindholm in neutral zone.
17:55 of 2nd period - Shot by Zach Bogosian.
17:55 of 2nd period - Shot Blocked by Rasmus Andersson.
17:57 of 2nd period - Shot by Chris Wagner.
17:57 of 2nd period - Stopped by Mackenzie Blackwood without a rebound.
17:58 of 2nd period - Andrew Cogliano wins face-off versus Derek Stepan in Flames zone.
17:58 of 2nd period - Andrew Cogliano is hit by Erik Gudbranson.
18:04 of 2nd period - Shot by Andrew Cogliano.
18:04 of 2nd period - Shot Misses the Net.
18:35 of 2nd period - Chris Wagner is hit by Derek Stepan and loses puck.
18:53 of 2nd period - Icing by Quinn Hughes.
18:54 of 2nd period - Josh Bailey wins face-off versus Elias Lindholm in Hurricanes zone.
18:54 of 2nd period - Josh Bailey is hit by Ryan Nugent-Hopkins.
18:59 of 2nd period - Minor Penalty to Rasmus Andersson for Goalie Interference.
19:00 of 2nd period - Leo Komarov wins face-off versus Andrew Copp in Flames zone.
Goals for this period are 1 for Hurricanes vs 1 for Flames.
Shots for this period are 6 for Hurricanes vs 13 for Flames.

3rd period


0:01 of 3rd period - Derek Stepan wins face-off versus Josh Bailey in neutral zone.
0:24 of 3rd period - Shot by Ryan Murray.
0:24 of 3rd period - Stopped by Mackenzie Blackwood without a rebound.
0:25 of 3rd period - Derek Stepan wins face-off versus Leo Komarov in Flames zone.
0:41 of 3rd period - Neal Pionk is hit by Kevin Rooney.
1:17 of 3rd period - Shot by Sonny Milano.
1:17 of 3rd period - Stopped by Mackenzie Blackwood with a rebound.
1:20 of 3rd period - Icing by Christopher Tanev.
1:21 of 3rd period - Mikael Backlund wins face-off versus Andrew Cogliano in Flames zone.
1:30 of 3rd period - Zach Bogosian is hit by Evander Kane.
1:34 of 3rd period - Shot by Curtis Lazar.
1:34 of 3rd period - Deflect By Chris Wagner.
1:34 of 3rd period - Stopped by Mackenzie Blackwood without a rebound.
1:35 of 3rd period - Elias Lindholm wins face-off versus Josh Bailey in Flames zone.
2:10 of 3rd period - Shot by Elias Lindholm.
2:10 of 3rd period - Shot Misses the Net.
2:12 of 3rd period - Shot by Ryan Nugent-Hopkins.
2:12 of 3rd period - Stopped by Joonas Korpisalo without a rebound.
2:13 of 3rd period - Leo Komarov wins face-off versus Anze Kopitar in Hurricanes zone.
2:18 of 3rd period - Shot by Anze Kopitar.
2:18 of 3rd period - Shot Misses the Net.
2:27 of 3rd period - Icing by Leo Komarov.
2:28 of 3rd period - Mikael Backlund wins face-off versus Leo Komarov in Hurricanes zone.
2:41 of 3rd period - Shot by Andrew Copp.
2:41 of 3rd period - Shot Blocked by Leo Komarov.
3:29 of 3rd period - Shot by Paul Stastny.
3:29 of 3rd period - Shot Misses the Net.
3:31 of 3rd period - Shot by Paul Stastny.
3:31 of 3rd period - Stopped by Joonas Korpisalo without a rebound.
3:32 of 3rd period - Josh Bailey wins face-off versus Elias Lindholm in Hurricanes zone.
4:35 of 3rd period - Christopher Tanev is hit by Chris Wagner and loses puck.
4:40 of 3rd period - Shot by Andrew Cogliano.
4:40 of 3rd period - Shot Blocked by Marco Scandella.
4:42 of 3rd period - Shot by Curtis Lazar.
4:42 of 3rd period - Stopped by Mackenzie Blackwood without a rebound.
4:43 of 3rd period - Victor Rask wins face-off versus Paul Stastny in Flames zone.
4:46 of 3rd period - Shot by Sonny Milano.
4:46 of 3rd period - Shot Blocked by Matthew Tkachuk.
4:48 of 3rd period - Shot by Moritz Seider.
4:48 of 3rd period - Shot Blocked by Rasmus Andersson.
5:04 of 3rd period - Shot by Paul Stastny.
5:04 of 3rd period - Stopped by Joonas Korpisalo without a rebound.
5:05 of 3rd period - Kevin Rooney wins face-off versus Andrew Cogliano in Hurricanes zone.
6:15 of 3rd period - Shot by Leo Komarov.
6:15 of 3rd period - Shot Misses the Net.
6:17 of 3rd period - Shot by Leo Komarov.
6:17 of 3rd period - Stopped by Mackenzie Blackwood without a rebound.
6:18 of 3rd period - Mikael Backlund wins face-off versus Josh Bailey in Flames zone.
6:18 of 3rd period - Mikael Backlund is hit by Nikita Gusev.
6:26 of 3rd period - Shot by Nikita Gusev.
6:26 of 3rd period - Shot Misses the Net.
6:28 of 3rd period - Shot by Brian Boyle.
6:28 of 3rd period - Shot Misses the Net.
6:30 of 3rd period - Shot by Josh Bailey.
6:30 of 3rd period - Stopped by Mackenzie Blackwood with a rebound.
6:32 of 3rd period - Shot by Moritz Seider.
6:32 of 3rd period - Stopped by Mackenzie Blackwood without a rebound.
6:33 of 3rd period - Leo Komarov wins face-off versus Anze Kopitar in Flames zone.
6:46 of 3rd period - Shot by Anze Kopitar.
6:46 of 3rd period - Shot Misses the Net.
6:48 of 3rd period - Shot by Paul Stastny.
6:48 of 3rd period - Stopped by Joonas Korpisalo without a rebound.
6:49 of 3rd period - Mikael Backlund wins face-off versus Josh Bailey in Hurricanes zone.
6:50 of 3rd period - Shot by Evander Kane.
6:50 of 3rd period - Shot Misses the Net.
7:03 of 3rd period - Shot by Nikita Gusev.
7:03 of 3rd period - Deflect By Josh Bailey.
7:03 of 3rd period - Shot Blocked by Christopher Tanev.
7:05 of 3rd period - Shot by Brian Boyle.
7:05 of 3rd period - Shot Misses the Net.
7:09 of 3rd period - Shot by Nikita Gusev.
7:09 of 3rd period - Shot Blocked by Christopher Tanev.
7:11 of 3rd period - Shot by Ryan Murray.
7:11 of 3rd period - Stopped by Mackenzie Blackwood without a rebound.
7:12 of 3rd period - Anze Kopitar wins face-off versus Leo Komarov in Flames zone.
7:35 of 3rd period - Shot by Alexis Lafreniere.
7:35 of 3rd period - Stopped by Mackenzie Blackwood without a rebound.
7:36 of 3rd period - Victor Rask wins face-off versus Elias Lindholm in Flames zone.
7:53 of 3rd period - Minor Penalty to Patrik Laine for Hooking.
7:54 of 3rd period - Leo Komarov wins face-off versus Derek Stepan in Flames zone.
7:54 of 3rd period - Leo Komarov is hit by Marco Scandella.
8:08 of 3rd period - Shot by Markus Nutivaara.
8:08 of 3rd period - Shot Misses the Net.
8:10 of 3rd period - Shot by Leo Komarov.
8:10 of 3rd period - Shot Blocked by Ben Chiarot.
8:28 of 3rd period - Shot by Leo Komarov.
8:28 of 3rd period - Shot Blocked by Ben Chiarot.
8:30 of 3rd period - Shot by Ryan Murray.
8:30 of 3rd period - Stopped by Mackenzie Blackwood without a rebound.
8:31 of 3rd period - Derek Stepan wins face-off versus Josh Bailey in Flames zone.
8:42 of 3rd period - Shot by Josh Bailey.
8:42 of 3rd period - Shot Misses the Net.
8:44 of 3rd period - Shot by Quinn Hughes.
8:44 of 3rd period - Deflect By Nikita Gusev.
8:44 of 3rd period - Goal by Nikita Gusev - Hurricanes : 3 - Flames : 1.
8:45 of 3rd period - Anze Kopitar wins face-off versus Andrew Cogliano in neutral zone.
9:01 of 3rd period - Shot by Andrew Cogliano.
9:01 of 3rd period - Stopped by Mackenzie Blackwood without a rebound.
9:02 of 3rd period - Nikita Gusev wins face-off versus Elias Lindholm in Flames zone.
9:29 of 3rd period - Shot by Nikita Gusev.
9:29 of 3rd period - Shot Blocked by Elias Lindholm.
9:31 of 3rd period - Shot by Neal Pionk.
9:31 of 3rd period - Shot Blocked by Christopher Tanev.
9:33 of 3rd period - Shot by Josh Bailey.
9:33 of 3rd period - Shot Misses the Net.
9:35 of 3rd period - Shot by Brian Boyle.
9:35 of 3rd period - Deflect By Josh Bailey.
9:35 of 3rd period - Stopped by Mackenzie Blackwood without a rebound.
9:36 of 3rd period - Mikael Backlund wins face-off versus Leo Komarov in Flames zone.
9:38 of 3rd period - Evander Kane is hit by Leo Komarov and loses puck.
9:57 of 3rd period - Shot by Alexis Lafreniere.
9:57 of 3rd period - Stopped by Mackenzie Blackwood without a rebound.
9:58 of 3rd period - Andrew Cogliano wins face-off versus Anze Kopitar in Flames zone.
10:07 of 3rd period - Zach Bogosian is hit by Matthew Tkachuk and loses puck.
10:30 of 3rd period - Icing by Moritz Seider.
10:31 of 3rd period - Andrew Cogliano wins face-off versus Andrew Mangiapane in Hurricanes zone.
10:31 of 3rd period - Andrew Cogliano is hit by Kevin Rooney.
10:37 of 3rd period - Shot by Andrew Mangiapane.
10:37 of 3rd period - Stopped by Joonas Korpisalo without a rebound.
10:38 of 3rd period - Josh Bailey wins face-off versus Derek Stepan in Hurricanes zone.
10:38 of 3rd period - Josh Bailey is hit by Derek Stepan.
10:50 of 3rd period - Derek Stepan is hit by Brian Boyle and loses puck.
11:13 of 3rd period - Off-side.
11:14 of 3rd period - Leo Komarov wins face-off versus Mikael Backlund in neutral zone.
11:14 of 3rd period - Alexis Lafreniere is hit by Mikael Backlund.
11:24 of 3rd period - Shot by Darren Helm.
11:24 of 3rd period - Shot Misses the Net.
11:50 of 3rd period - Shot by Mikael Backlund.
11:50 of 3rd period - Shot Blocked by Markus Nutivaara.
11:52 of 3rd period - Shot by Andrew Copp.
11:52 of 3rd period - Stopped by Joonas Korpisalo with a rebound.
11:54 of 3rd period - Shot by Andrew Copp.
11:54 of 3rd period - Stopped by Joonas Korpisalo without a rebound.
11:55 of 3rd period - Elias Lindholm wins face-off versus Victor Rask in Hurricanes zone.
12:09 of 3rd period - Shot by Ryan Nugent-Hopkins.
12:09 of 3rd period - Stopped by Joonas Korpisalo without a rebound.
12:10 of 3rd period - Anze Kopitar wins face-off versus Andrew Cogliano in Hurricanes zone.
12:37 of 3rd period - Shot by Anze Kopitar.
12:37 of 3rd period - Stopped by Joonas Korpisalo without a rebound.
12:38 of 3rd period - Victor Rask wins face-off versus Elias Lindholm in Hurricanes zone.
13:00 of 3rd period - Icing by Erik Gudbranson.
13:01 of 3rd period - Elias Lindholm wins face-off versus Leo Komarov in Flames zone.
13:51 of 3rd period - Icing by Ben Chiarot.
13:52 of 3rd period - Elias Lindholm wins face-off versus Josh Bailey in Flames zone.
13:52 of 3rd period - Elias Lindholm is hit by Brian Boyle.
14:19 of 3rd period - Shot by Josh Bailey.
14:19 of 3rd period - Shot Misses the Net.
15:16 of 3rd period - Off-side.
15:17 of 3rd period - Leo Komarov wins face-off versus Derek Stepan in neutral zone.
15:17 of 3rd period - Minor Penalty to Kevin Rooney for Holding.
15:18 of 3rd period - Leo Komarov wins face-off versus Evander Kane in Flames zone.
15:30 of 3rd period - Shot by Darren Helm.
15:30 of 3rd period - Stopped by Mackenzie Blackwood with a rebound.
15:32 of 3rd period - Shot by Ryan Murray.
15:32 of 3rd period - Shot Blocked by Christopher Tanev.
15:34 of 3rd period - Shot by Ryan Murray.
15:34 of 3rd period - Shot Blocked by Christopher Tanev.
15:36 of 3rd period - Shot by Leo Komarov.
15:36 of 3rd period - Stopped by Mackenzie Blackwood without a rebound.
15:37 of 3rd period - Leo Komarov wins face-off versus Andrew Copp in Flames zone.
15:42 of 3rd period - Shot by Darren Helm.
15:42 of 3rd period - Stopped by Mackenzie Blackwood without a rebound.
15:43 of 3rd period - Derek Stepan wins face-off versus Leo Komarov in Flames zone.
15:49 of 3rd period - Icing by Alexis Lafreniere.
15:50 of 3rd period - Derek Stepan wins face-off versus Leo Komarov in Hurricanes zone.
16:03 of 3rd period - Shot by Ryan Murray.
16:03 of 3rd period - Shot Blocked by Erik Gudbranson.
16:05 of 3rd period - Shot by Markus Nutivaara.
16:05 of 3rd period - Shot Misses the Net.
16:07 of 3rd period - Shot by Ryan Murray.
16:07 of 3rd period - Shot Misses the Net.
16:09 of 3rd period - Shot by Darren Helm.
16:09 of 3rd period - Goal by Darren Helm - Hurricanes : 4 - Flames : 1.
16:10 of 3rd period - Victor Rask wins face-off versus Anze Kopitar in neutral zone.
16:21 of 3rd period - Shot by Victor Rask.
16:21 of 3rd period - Shot Misses the Net.
16:23 of 3rd period - Shot by Quinn Hughes.
16:23 of 3rd period - Stopped by Mackenzie Blackwood without a rebound.
16:24 of 3rd period - Mikael Backlund wins face-off versus Andrew Cogliano in Flames zone.
16:59 of 3rd period - Shot by Mikael Backlund.
16:59 of 3rd period - Shot Misses the Net.
18:29 of 3rd period - Shot by Nikita Gusev.
18:29 of 3rd period - Shot Blocked by Erik Gudbranson.
19:10 of 3rd period - Shot by Elias Lindholm.
19:10 of 3rd period - Stopped by Joonas Korpisalo with a rebound.
19:12 of 3rd period - Shot by Elias Lindholm.
19:12 of 3rd period - Deflect By Patrik Laine.
19:12 of 3rd period - Stopped by Joonas Korpisalo without a rebound.
19:12 of 3rd period - Minor Penalty to Zach Bogosian for Hooking.
19:13 of 3rd period - Elias Lindholm wins face-off versus Nikita Gusev in Hurricanes zone.
19:20 of 3rd period - Shot by Elias Lindholm.
19:20 of 3rd period - Deflect By Ryan Nugent-Hopkins.
19:20 of 3rd period - Stopped by Joonas Korpisalo without a rebound.
19:21 of 3rd period - Elias Lindholm wins face-off versus Alexis Lafreniere in Hurricanes zone.
19:40 of 3rd period - Shot by Christopher Tanev.
19:40 of 3rd period - Stopped by Joonas Korpisalo without a rebound.
19:41 of 3rd period - Anze Kopitar wins face-off versus Josh Bailey in Hurricanes zone.
Goals for this period are 2 for Hurricanes vs 0 for Flames.
Shots for this period are 19 for Hurricanes vs 13 for Flames.